 Dungeon Crawl Stone Soup version 0.31.0-9-g3a7656b989 (webtiles) character file.

Game seed: 6177932317123187859

2580 Marvel the Grappler (level 9, -8/88 HPs)
             Began as a Troll Berserker on Feb 5, 2024.
             Was an Elder of Trog.
             Mangled by a boulder beetle (20 damage)
             ... on level 7 of the Dungeon.
             The game lasted 00:06:50 (4251 turns).

Marvel the Grappler (Troll Berserker)               Turns: 4251, Time: 00:06:50

Health: -8/88      AC:  6    Str: 37    XL:     9   Next: 32%
Magic:  8/8        EV: 11    Int:  3    God:    Trog [****..]
Gold:   460        SH:  0    Dex:  9    Spells: 8/8 levels left

rFire   . .          .
                       - Unarmed
rCold   . . .        (no shield)
rNeg    . . .        B - +2 robe {Will+}
rPois   +            r - +0 hat
rElec   .            (no cloak)
rCorr   .            (gloves unavailable)
SInv    .            (boots unavailable)
Will    +....        x - amulet of faith
Stlth   +            b - +6 ring of strength
HPRegen 1.14/turn    A - ring of poison resistance
MPRegen 0.11/turn

%: faith
@: on berserk cooldown, slowed, very slow
A: large, unfitting armour, claws 3, regeneration 1, shaggy fur 1, tough skin 1
a: Renounce Religion, Berserk, Trog's Hand, Brothers in Arms


You were on level 7 of the Dungeon.
You worshipped Trog.
Trog was greatly pleased with you.
You visited 1 branch of the dungeon, and saw 7 of its levels.

You collected 460 gold pieces.

Inventory:

Missiles
 m - 2 boomerangs (quivered)
 n - 11 poisoned darts
Armour
 a - a +0 animal skin
 r - a +0 hat (worn)
 t - a +2 robe of positive energy
 B - a +2 robe of willpower (worn)
Jewellery
 b - a +6 ring of strength (left claw)
 x - an amulet of faith (around neck)
 A - a ring of poison resistance (right claw)
Wands
 q - a wand of flame (4)
Scrolls
 c - 2 scrolls of poison {unknown}
 d - 5 scrolls of teleportation {unknown}
 e - 5 scrolls of identify {unknown}
 f - 2 scrolls of fear {unknown}
 g - a scroll of vulnerability {unknown}
 j - 3 scrolls of blinking {unknown}
 l - 3 scrolls of immolation {unknown}
 s - a scroll of noise {unknown}
 w - a scroll of revelation {unknown}
 y - a scroll of brand weapon {unknown}
 C - a scroll of amnesia {unknown}
Potions
 h - a potion of magic {unknown}
 i - a potion of mutation {unknown}
 k - 4 potions of curing {unknown}
 o - a potion of ambrosia {unknown}
 p - a potion of might {unknown}
 u - 2 potions of lignification {unknown}
 v - a potion of attraction {unknown}
 z - a potion of berserk rage {unknown}


   Skills:
 + Level 5.0 Fighting
 + Level 0.3 Throwing
 + Level 5.3 Dodging
 + Level 10.5 Unarmed Combat


You had 8 spell levels left.
You didn't know any spells.
Your spell library was empty.

Dungeon Overview and Level Annotations

Branches:
Dungeon (7/15)             Temple (0/1) D:5

Altars:
Dithmenos
Hepliaklqana
Okawaru
Qazlal
Xom

Shops:
D:3 :   D:5 =


Innate Abilities, Weirdness & Mutations

You are too large for most types of armour.
You have claws for hands.
Your natural rate of healing is unusually fast.
You are covered in fur. (AC +1)
You have tough skin. (AC +1)


Message History

You barely miss the orc warrior.
The orc warrior is moderately wounded.
The orc warrior closely misses you.
You scratch the orc warrior but do no damage.
The orc warrior is moderately wounded.
The orc warrior hits you with a +0 dire flail.
* * * LOW HITPOINT WARNING * * *
You barely miss the orc warrior.
The orc warrior is moderately wounded.
The orc warrior hits you with a +0 dire flail!
* * * LOW HITPOINT WARNING * * *
You mangle the orc warrior!!
You kill the orc warrior!
Trog accepts your kill.
The boulder beetle leaps!
The boulder beetle curls into a ball and begins rolling!
The boulder beetle barely misses you.
The boulder beetle stops rolling and uncurls.
You scratch the boulder beetle but do no damage.
The boulder beetle is moderately wounded.
The boulder beetle bites you!
You scratch the boulder beetle.
The boulder beetle is moderately wounded.
You feel the effects of Trog's Hand fading.
The boulder beetle bites you!
* * * LOW HITPOINT WARNING * * *
The boulder beetle bites you!
* * * LOW HITPOINT WARNING * * *
Okay, then.
The boulder beetle leaps!
Your skin stops crawling.
You feel less strong-willed.
The boulder beetle curls into a ball and begins rolling!
The boulder beetle barely misses you.
The boulder beetle stops rolling and uncurls.
The boulder beetle attacks as it pursues you!
The boulder beetle bites you!
* * * LOW HITPOINT WARNING * * *
The boulder beetle attacks as it pursues you!
The boulder beetle bites you!!
You die...

##.........# #.##.###
##........# #####.###
####.###.####........
♣♣.♣♣#...##.###.###
#♣...♣#...##........
#.....#...##.....###
#♣...♣#...##........
♣♣B♣♣#.####.....###
♣@♣ #.# #........
♣.♣♣#.####........
♣.♣.♣#........#..##
#..♣..#.#####.....#
#.♣♣♣)#..## #...#.##
#. ..#...###.......
#♣ ♣.♣#.#.......#.#.
#B #.##..>....... .#
#.##......†..<


You could see a boulder beetle.

Vanquished Creatures
  Pikel (D:4)
  Sigmund (D:5)
  A steam dragon (D:7)
  Edmund (D:5)
  A water moccasin (D:4)
  2 black bears (D:6)
  An orc warrior (D:7)
  The ghost of lessens the Chopper, an amateur MiBe of Trog (D:3)
  A phantom (D:6)
  2 lemures (D:4)
  A gnoll sergeant (D:5)
  Blork the orc (D:4)
  2 scorpions
  3 wights (D:6)
  A howler monkey (D:4)
  4 jellies
  A bombardier beetle (D:3)
  4 hounds
  3 orc priests (D:6)
  An iguana (D:5)
  2 sleepcaps (D:6)
  Ijyb (D:3)
  Natasha (thrice) (D:3)
  An orc wizard (D:6)
  5 gnolls (D:5)
  7 adders
  2 ufetubi (D:5)
  A dart slug (D:3)
  2 ribbon worms
  19 orcs
  6 ball pythons
  3 bats
  6 endoplasms
  3 giant cockroaches
  3 goblins
  9 hobgoblins
  3 jackals (D:2)
  2 kobolds
  4 quokkas
  4 frilled lizards (D:1)
  5 rats (D:1)
124 creatures vanquished.

Notes
Turn   | Place    | Note
-------+----------+-------------------------------------------
     0 | D:1      | Marvel the Troll Berserker began the quest for the Orb.
     0 | D:1      | Reached XP level 1. HP: 22/22 MP: 0/0
    59 | D:1      | Reached XP level 2. HP: 29/29 MP: 1/1
   190 | D:1      | Found a faded altar of an unknown god.
   670 | D:2      | Reached XP level 3. HP: 36/36 MP: 2/2
   671 | D:2      | Reached ** piety under Trog
  1049 | D:3      | Reached skill level 4 in Unarmed Combat
  1049 | D:3      | Reached XP level 4. HP: 44/44 MP: 3/3
  1117 | D:3      | Found a hazy altar of Hepliaklqana.
  1118 | D:3      | Noticed Natasha
  1122 | D:3      | Killed Natasha
  1148 | D:3      | Noticed Natasha
  1154 | D:3      | Killed Natasha
  1155 | D:3      | Reached XP level 5. HP: 48/53 MP: 4/4
  1158 | D:3      | Noticed Ijyb
  1163 | D:3      | Killed Ijyb
  1179 | D:3      | Found a runed translucent door.
  1180 | D:3      | Noticed lessens's ghost (amateur MiBe)
  1185 | D:3      | Reached skill level 5 in Unarmed Combat
  1213 | D:3      | Killed lessens's ghost
  1214 | D:3      | Reached XP level 6. HP: 61/61 MP: 5/5
  1389 | D:3      | Noticed Natasha
  1399 | D:3      | Killed Natasha
  1428 | D:3      | Found a stormy altar of Qazlal.
  1502 | D:3      | Found Bevayzam's Vocational Training.
  1753 | D:4      | Reached skill level 6 in Unarmed Combat
  1786 | D:4      | Noticed Pikel
  1812 | D:4      | Killed Pikel
  1813 | D:4      | Reached skill level 7 in Unarmed Combat
  1813 | D:4      | Reached XP level 7. HP: 41/68 MP: 6/6
  1931 | D:4      | Noticed Blork the orc
  1937 | D:4      | Killed Blork the orc
  2107 | D:4      | You fall into a shaft and drop 2 floors!
  2139 | D:6      | Reached XP level 8. HP: 78/78 MP: 7/7
  2147 | D:6      | Reached *** piety under Trog
  2148 | D:6      | Reached skill level 8 in Unarmed Combat
  2222 | D:5      | Entered Level 5 of the Dungeon
  2750 | D:5      | Found a staircase to the Ecumenical Temple.
  2771 | D:5      | Found an iron altar of Okawaru.
  2838 | D:5      | Found a shadowy altar of Dithmenos.
  2959 | D:5      | Noticed Edmund
  2972 | D:5      | Killed Edmund
  2973 | D:5      | Reached skill level 9 in Unarmed Combat
  3021 | D:5      | Noticed Sigmund
  3026 | D:5      | Killed Sigmund
  3121 | D:5      | Found Ficzaus's Jewellery Shop.
  3622 | D:6      | Reached XP level 9. HP: 83/87 MP: 8/8
  3636 | D:6      | Found a shimmering altar of Xom.
  3672 | D:6      | Reached skill level 5 in Dodging
  3672 | D:6      | Reached skill level 10 in Unarmed Combat
  3731 | D:6      | Reached **** piety under Trog
  4220 | D:7      | Reached skill level 5 in Fighting
  4226 | D:7      | Noticed a boulder beetle
  4251 | D:7      | Mangled by a boulder beetle

Illustrated notes

Levels and vault maps discovered:
D:1:      mushboom_english_gardens, layout_basic,
          shapermc_ecumenical_altar_mp_ritualfount
D:2:      layout_basic
D:3:      layout_basic, nicolae_overflow_crystal_walls, lemuel_doored_altar,
          gammafunk_ghost_grave, chequers_serial_rivers_small_3,
          nicolae_shop_vocational, uniq_ijyb, uniq_natasha
D:4:      layout_basic, uniq_pikel, uniq_blork_the_orc
D:5:      layout_basic, amcnicky_altar_gilded, okawaru_trees_1,
          minmay_temple_entry_slanted, serial_shops, shop,
          sigmund_edmund_badplayer
D:6:      layout_loops_ring, lemuel_crystal_altar, serial_rivers,
          chequers_serial_rivers_small_3, chequers_serial_rivers_small_b,
          chequers_serial_rivers_marsh, chequers_serial_rivers_micro_b,
          chequers_serial_rivers_micro_c, chequers_serial_rivers_small_a
D:7:      nzn_winding_woodlands_large [nzn_winding_woodlands_5x5_perimeter,
          nzn_winding_woodlands_5x15_parted, nzn_winding_woodlands_hourglass,
          nzn_winding_woodlands_center_triple_pond,
          nzn_winding_woodlands_15x15_eel_pit,
          nzn_winding_woodlands_center_garden,
          nzn_winding_woodlands_5x5_default, nzn_winding_woodlands_5x15_twine,
          nzn_winding_woodlands_5x5_cross], layout_basic,
          general_overflow_altar, gammafunk_temple_overflow_statue

Skill      XL: |  1  2  3  4  5  6  7  8  9 |
---------------+----------------------------+-----
Dodging        | 3 4 5 |  5.3
Unarmed Combat | 4 5 7 9 10 | 10.5
Fighting       | 3 4 5 |  5.0
Throwing       | |  0.3

Action                     |  1- 3 |  4- 6 |  7- 9 || total
---------------------------+-------+-------+-------++-------
  Melee: Unarmed           |    74 |    88 |   134 ||   296
         Punch             |     1 |     2 |     6 ||     9
  Throw: Boomerang         |       |       |     2 ||     2
 Invoke: Berserk           |       |     2 |     5 ||     7
         Trog's Hand       |       |       |     1 ||     1
 Armour: Animal skin       |    33 |    59 |     4 ||    96
         Robe              |       |       |   112 ||   112
  Dodge: Dodged            |    35 |    33 |    69 ||   137
